 Dungeon Crawl Stone Soup version 0.29-a0-885-gb26ba3297d (webtiles) character file.

Game seed: 8028757457567131004

1426 reriks the Covered (level 8, -2/51 HPs)
             Began as a Gargoyle Fighter on July 20, 2022.
             Was a Follower of Cheibriados.
             Slain by a steam dragon (7 damage)
             ... on level 6 of the Dungeon.
             The game lasted 00:09:11 (6937 turns).

reriks the Covered (Gargoyle Fighter)               Turns: 6937, Time: 00:09:12

Health: -2/51      AC: 16    Str: 24    XL:     8   Next: 72%
Magic:  8/8        EV: 10    Int: 11    God:    Cheibriados [*.....]
Gold:   223        SH:  6    Dex: 11    Spells: 7/7 levels left

rFire   . . .      SeeInvis +   q - +2 flail (venom)
rCold   . . .      Faith    .   c - +1 buckler
rNeg    + . .      Spirit   .   b - +0 scale mail
rPois   ∞          Reflect  .   f - +1 helmet
rElec   +          Harm     .   (no cloak)
rCorr   .          Rampage  .   t - +0 pair of gloves
Will    .....                   (no boots)
Stlth   ..........              l - amulet of magic regeneration
HPRegen 0.17/turn               z - ring of see invisible
MPRegen 0.51/turn               (no ring)

@: very slow
A: sickness immunity, AC +5, negative energy resistance 1, electricity
resistance, torment resistance 1, petrification resistance
a: Renounce Religion, Bend Time


You were on level 6 of the Dungeon.
You worshipped Cheibriados.
Cheibriados was aware of your devotion.
You visited 2 branches of the dungeon, and saw 7 of its levels.

You collected 223 gold pieces.

Inventory:

Hand Weapons
 a - a +0 flail
 q - a +2 flail of venom (weapon)
Armour
 b - a +0 scale mail (worn)
 c - a +1 buckler (worn)
 f - a +1 helmet (worn)
 t - a +0 pair of gloves (worn)
Jewellery
 l - an amulet of magic regeneration (around neck)
 z - a ring of see invisible (left hand)
Wands
 d - a wand of quicksilver (5)
 u - a wand of flame (9)
 C - a wand of digging (3)
Scrolls
 e - a scroll of fear
 g - 2 scrolls of immolation {unknown}
 i - 2 scrolls of poison {unknown}
 j - 2 scrolls of torment {unknown}
 k - 3 scrolls of identify
 m - 2 scrolls of vulnerability {unknown}
 p - 2 scrolls of amnesia {unknown}
 w - a scroll of fog {unknown}
 y - 2 scrolls of enchant weapon {unknown}
 B - a scroll of magic mapping {unknown}
 D - a scroll of enchant armour
Potions
 h - a potion of lignification
 n - a potion of ambrosia
 o - a potion of haste
 r - 3 potions of magic
 s - a potion of brilliance {unknown}
 v - a potion of cancellation {unknown}
 x - 2 potions of degeneration {unknown}
 A - a potion of attraction {unknown}


   Skills:
 + Level 6.2 Fighting
 + Level 5.2 Maces & Flails
 + Level 6.3 Armour
 + Level 2.8 Dodging
 + Level 6.3 Shields


You had 7 spell levels left.
You didn't know any spells.
Your spell library contained the following spells:

 Spells                   Type           Power      Damage    Failure   Level
 Sandblast                Erth           0%         2d4       71%         1
 Sting                    Tmut/Pois      0%         1d3       71%         1
 Passwall                 Tmut/Erth      0%         N/A       83%         2
 Poisonous Vapours        Pois/Air       0%         N/A       83%         2
 Conjure Flame            Conj/Fire      0%         6-21      97%         3
 Ignite Poison            Fire/Tmut/Pois 0%         N/A       97%         3
 Mephitic Cloud           Conj/Pois/Air  0%         N/A       97%         3
 Portal Projectile        Hex/Tloc       0%         N/A       97%         3
 Stone Arrow              Conj/Erth      0%         3d7       97%         3
 Tukima's Dance           Hex            0%         N/A       97%         3
 Olgreb's Toxic Radiance  Pois           0%         N/A       100%        4
 Sticky Flame             Conj/Fire      0%         2d3       100%        4
 Blade Hands              Tmut           0%         N/A       100%        5
 Freezing Cloud           Conj/Ice/Air   0%         6-21      100%        5


Dungeon Overview and Level Annotations

Branches:
Dungeon (6/15)             Temple (1/1) D:5

Altars:
Cheibriados
Elyvilon
Fedhas
Gozag
Makhleb
Nemelex Xobeh
Okawaru
Ru
Wu Jian
Xom
Yredelemnul

Shops:
D:2 (   D:5 ?


Innate Abilities, Weirdness & Mutations

You are immune to sickness and miasma.
Your stone body is resilient. (AC +5)
You are immune to poison.
You resist negative energy. (rN+)
You are resistant to electric shocks. (rElec)
You are resistant to unholy torment.
You are immune to petrification.


Message History

You hit the iguana but do no damage.
The iguana is poisoned.
You block the iguana's attack.
You hit the iguana.
The iguana looks as sick as possible!
The iguana is moderately wounded.
The iguana bites you but does no damage.
You hit the iguana.
The iguana is severely wounded.
You kill the iguana!
Cheibriados appreciates the change of pace.
The steam dragon breathes steam at you. The ball of steam hits you!!
* * * LOW HITPOINT WARNING * * *
You are too injured to fight recklessly!
You are too injured to fight recklessly!
You are too injured to fight recklessly!
You are too injured to fight recklessly!
You hit the steam dragon but do no damage.
The steam dragon is poisoned.
You are engulfed in a cloud of scalding steam.
* * * LOW HITPOINT WARNING * * *
The steam dragon bites you but does no damage.
The steam dragon claws you.
* * * LOW HITPOINT WARNING * * *
You hit the steam dragon.
The steam dragon looks as sick as possible!
The steam dragon is moderately wounded.
You are engulfed in a cloud of scalding steam.
The steam dragon bites you but does no damage.
The steam dragon claws you but does no damage.
You hit the steam dragon.
The steam dragon looks as sick as possible!
The steam dragon is severely wounded.
You are engulfed in a cloud of scalding steam.
* * * LOW HITPOINT WARNING * * *
The howler monkey hoots and howls with incredible vigour!
You block the steam dragon's attack. The steam dragon barely misses you.
You closely miss the steam dragon.
The steam dragon is severely wounded.
The steam dragon bites you!
You die...

#############
............#
......).....#
......)..h..#
.....####D#..... ...
####@## ### ####### .
#..§..# #.....#
#.§...# #.....#
#.....# #.....#
#..§§.# #.....#
##...########.....# #
#######§..........###
# ........#.........#
# ........#......†..#
#


You could see a steam dragon (extremely poisoned) and a howler monkey (catching
breath).

Vanquished Creatures
  Edmund (D:5)
  A sky beast (D:6)
  An ice beast (D:6)
  An ogre (D:5)
  A centaur (D:6)
  A phantom (D:4)
  Blork the orc (D:4)
  3 scorpions
  2 howler monkeys (D:4)
  A gnoll bouda (D:5)
  2 hounds (D:5)
  A jelly (D:6)
  7 iguanas
  An orc wizard (D:4)
  7 adders
  7 gnolls
  A shadow imp (D:5)
  3 worms
  2 dart slugs
  7 orcs
  7 bats
  8 endoplasms
  3 giant cockroaches
  12 goblins
  7 hobgoblins
  5 jackals
  A quokka (D:1)
  4 ball pythons
  2 frilled lizards
  5 kobolds
  8 rats
113 creatures vanquished.

Notes
Turn   | Place    | Note
-------+----------+-------------------------------------------
     0 | D:1      | reriks the Gargoyle Fighter began the quest for the Orb.
     0 | D:1      | Reached XP level 1. HP: 14/14 MP: 1/1
   210 | D:1      | Reached XP level 2. HP: 15/19 MP: 2/2
  1096 | D:1      | Reached XP level 3. HP: 23/23 MP: 3/3
  1667 | D:2      | Identified the +6 spear of Focus {vorpal, *Noise rElec
                  | rN+++ SInv}
  2294 | D:2      | Found Sonaisol's Antique Weapon Emporium.
  2314 | D:2      | Reached XP level 4. HP: 29/29 MP: 4/4
  3587 | D:3      | Reached XP level 5. HP: 19/33 MP: 5/5
  3742 | D:4      | Noticed Blork the orc
  3757 | D:4      | Killed Blork the orc
  3905 | D:4      | Reached XP level 6. HP: 39/39 MP: 6/6
  3973 | D:4      | Found a sacrificial altar of Ru.
  4749 | D:4      | Reached skill level 5 in Shields
  4792 | D:4      | Found a blossoming altar of Fedhas.
  4983 | D:4      | Reached skill level 5 in Fighting
  4983 | D:4      | Reached skill level 5 in Armour
  4983 | D:4      | Reached XP level 7. HP: 24/44 MP: 7/7
  5172 | D:4      | Reached skill level 1 in Dodging
  5305 | D:5      | Entered Level 5 of the Dungeon
  5699 | D:5      | Found a staircase to the Ecumenical Temple.
  5708 | Temple   | Entered the Ecumenical Temple
  5751 | Temple   | Became a worshipper of Cheibriados the Contemplative
  5851 | D:5      | Found Kobeklir's Magic Scroll Shop.
  6033 | D:5      | HP: 1/44 [gnoll/+0 flail[a gnoll bouda] (4)]
  6036 | D:5      | Reached XP level 8. HP: 2/50 MP: 8/8
  6264 | D:5      | Noticed Edmund
  6285 | D:5      | Killed Edmund
  6767 | D:6      | Reached skill level 5 in Maces & Flails
  6926 | D:6      | Reached * piety under Cheibriados
  6937 | D:6      | Slain by a steam dragon

Illustrated notes

Levels and vault maps discovered:
D:1:      minmay_arrival_doors, layout_loops_corners
D:2:      layout_loops_ring, serial_shops, nicolae_shop_trees
D:3:      layout_basic, minmay_misc_feat_room, dreamdust_princess_corridor
D:4:      layout_rooms, lemuel_tele_altar, hangedman_ru_absence,
          nicolae_elevator_lobby_asterisk, uniq_blork_the_orc
D:5:      layout_gridville, minmay_temple_entry_glass, serial_shops, shop,
          uniq_edmund
D:6:      layout_gridville, roderic_batcave
Temple:   hellmonk_temple_forest_ring

Skill      XL: |  1  2  3  4  5  6  7  8 |
---------------+-------------------------+-----
Fighting       | 4 5 6 |  6.2
Armour         | 4 5 6 |  6.3
Shields        | 4 5 6 |  6.3
Maces & Flails | 3 4 5 |  5.2
Dodging        | 1 2 |  2.8

Action                   |  1- 3 |  4- 6 |  7- 9 || total
-------------------------+-------+-------+-------++-------
Melee: Flail             |   131 |   190 |   182 ||   503
  Use: Scroll            |     2 |       |     5 ||     7
       Potion            |       |     1 |     3 ||     4
Armor: Scale mail        |    70 |   109 |   114 ||   293
Dodge: Dodged            |    54 |   101 |    95 ||   250
Block: Buckler           |    34 |    55 |    59 ||   148

Table legend: (Time is in decaauts)
 A = Elapsed time spent in this place.
 B = Non-inter-level travel time spent in this place.
 C = Inter-level travel time spent in this place.
 D = Time resting spent in this place.
 E = Time spent auto-exploring this place.
 F = Levels seen in this place.
 G = Mean time per level.
                   A        B        C        D        E       F      G
               +--------+--------+--------+--------+--------+-----+--------+
         Total |   7253 |   6977 |    276 |   2378 |   3364 |   7 | 1036.1 |
       Dungeon |   7187 |   6933 |    254 |   2378 |   3332 |   6 | 1197.8 |
        Temple |     66 |     45 |     21 |      0 |     32 |   1 |   66.0 |
               +--------+--------+--------+--------+--------+-----+--------+

Top non-repeatable levels by time:
     D:3: 1837 daAuts
     D:1: 1504 daAuts
     D:5: 1312 daAuts
     D:4: 1090 daAuts
     D:2: 1034 daAuts
     D:6: 408 daAuts
  Temple: 66 daAuts
